[Event "XXX Roquetas de Mar Open 2019"]
[Site "Roquetas de Mar"]
[Date "2019.01.04"]
[Round "4"]
[White "Grigoryan, Karen H."]
[Black "Nguyen, Piotr"]
[Result "1-0"]
[ECO "A41"]
[WhiteElo "2557"]
[BlackElo "2403"]
[Annotator "ChessBase"]
[PlyCount "71"]
[EventDate "2019.01.02"]
[EventType "swiss"]
[EventCountry "ESP"]
[SourceTitle "playchess.com"]
[Source "ChessBase"]
[SourceQuality "1"]
[TimeControl "5400+30"]

1. d4 d6 2. e4 Nf6 3. f3 e5 4. Ne2 Be7 5. c4 O-O 6. Be3 c6 7. Nbc3 a6 8. d5 b5 9. Nc1 b4 10. N3e2 Ne8 11. Qd2 c5 12. a3 bxa3 13. Rxa3 h6 14. g3 f5 15. exf5 Bxf5 16. Bg2 Nd7 17. O-O a5 18. Nc3 Nc7 19. Ne4 Bxe4 20. fxe4 Rxf1+ 21. Kxf1 a4 22. h4 Na6 23. Bh3 Nb6 24. Qe2 Nb4 25. Bf2 Qc7 26. Rf3 Rf8 27. Be6+ Kh8 28. Rxf8+ Bxf8 29. g4 g6 30. h5 gxh5 31. Bh4 Be7 32. Qe3 Kh7 33. Qf3 Bxh4 34. Qf5+ Kg7 35. gxh5 Qd8 36. Qg6+ 1-0

[Event "XXX Roquetas de Mar Open 2019"]
[Site "Roquetas de Mar"]
[Date "2019.01.04"]
[Round "4"]
[White "Nasuta, Grzegorz"]
[Black "Sabuk, Piotr"]
[Result "1-0"]
[ECO "B07"]
[WhiteElo "2534"]
[BlackElo "2395"]
[Annotator "ChessBase"]
[PlyCount "43"]
[EventDate "2019.01.02"]
[EventType "swiss"]
[EventCountry "ESP"]
[SourceTitle "playchess.com"]
[Source "ChessBase"]
[SourceQuality "1"]
[TimeControl "5400+30"]

1. e4 d6 2. d4 Nf6 3. Nc3 g6 4. h3 c6 5. a4 Nbd7 6. Be3 Qa5 7. Qd2 b5 8. b4 Qxb4 9. axb5 c5 10. Nf3 e5 11. dxe5 Nxe4 12. Nxe4 Qxe4 13. Bd3 Qb7 14. exd6 Bg7 15. Bh6 O-O 16. O-O Nf6 17. Bxg7 Kxg7 18. Qc3 Qb6 19. Be4 Rb8 20. Bc6 Rd8 21. Rfd1 a6 22. Ng5 1-0

[Event "XXX Roquetas de Mar Open 2019"]
[Site "Roquetas de Mar"]
[Date "2019.01.04"]
[Round "4"]
[White "Tazbir, Marcin"]
[Black "Luch, Michal"]
[Result "1/2-1/2"]
[ECO "A13"]
[WhiteElo "2529"]
[BlackElo "2362"]
[Annotator "ChessBase"]
[PlyCount "61"]
[EventDate "2019.01.02"]
[EventType "swiss"]
[EventCountry "ESP"]
[SourceTitle "playchess.com"]
[Source "ChessBase"]
[SourceQuality "1"]
[TimeControl "5400+30"]

1. c4 e6 2. g3 d5 3. Bg2 dxc4 4. Qa4+ Nd7 5. Nf3 a6 6. Qxc4 b5 7. Qb3 Bb7 8. O-O Ngf6 9. Rd1 c5 10. d3 Qb6 11. a4 Be7 12. axb5 axb5 13. Rxa8+ Bxa8 14. Ne5 O-O 15. Nxd7 Nxd7 16. Nc3 Bxg2 17. Kxg2 b4 18. Ne4 Qc6 19. f3 Qd5 20. Qc2 Ra8 21. b3 Ra1 22. Be3 Rxd1 23. Qxd1 f5 24. Nd2 Bf6 25. Nc4 Qa8 26. Qb1 h6 27. Bf2 Bc3 28. Nb2 Qd5 29. Nc4 Qa8 30. Nb2 Qd5 31. Nc4 1/2-1/2

[Event "XXX Roquetas de Mar Open 2019"]
[Site "Roquetas de Mar"]
[Date "2019.01.04"]
[Round "4"]
[White "Maiorov, Nikita"]
[Black "Medarde Santiago, Luis Marcos"]
[Result "1-0"]
[ECO "D37"]
[WhiteElo "2524"]
[BlackElo "2374"]
[Annotator "ChessBase"]
[PlyCount "135"]
[EventDate "2019.01.02"]
[EventType "swiss"]
[EventCountry "ESP"]
[SourceTitle "playchess.com"]
[Source "ChessBase"]
[SourceQuality "1"]
[TimeControl "5400+30"]

1. d4 Nf6 2. c4 e6 3. Nf3 d5 4. Nc3 dxc4 5. e3 a6 6. a4 c5 7. Bxc4 Nc6 8. O-O Be7 9. dxc5 Qa5 10. Bd2 Qxc5 11. Bd3 O-O 12. Ne4 Nxe4 13. Bxe4 Bf6 14. Qb1 g6 15. Rc1 Qe7 16. Bxc6 bxc6 17. e4 Qc7 18. Bc3 e5 19. Bb4 Be7 20. Bxe7 Qxe7 21. h3 Bd7 22. Ra3 Rab8 23. Rac3 Rb4 24. Qc2 Rfb8 25. b3 Be6 26. Nxe5 Bd7 27. Nc4 Qg5 28. Nd2 Rd8 29. Rd3 Be6 30. Qc5 Qxc5 31. Rxd8+ Qf8 32. Rxf8+ Kxf8 33. Rxc6 Rd4 34. Rc2 Ke7 35. Kf1 f5 36. Ke2 fxe4 37. Rc7+ Kf6 38. Ra7 Ke5 39. Rxa6 Rb4 40. Ke3 Bxb3 41. a5 Bd5 42. Ra7 Ra4 43. Re7+ Kf6 44. Rxh7 Ra3+ 45. Ke2 Rxa5 46. g3 Ra2 47. Rc7 Ke5 48. h4 Ra3 49. Nc4+ Bxc4+ 50. Rxc4 Kf5 51. Rc5+ Kf6 52. Rb5 Rc3 53. Rb8 Ra3 54. Re8 Kf5 55. Kf1 Ra4 56. Kg2 Ra3 57. Rf8+ Ke5 58. Kh3 Ra4 59. Rf4 Ra3 60. Rf8 Ra4 61. Kg4 e3+ 62. f4+ Ke4 63. Re8+ Kd4 64. Kf3 e2 65. Rxe2 Ra3+ 66. Kg4 Kd5 67. Re5+ Kd6 68. Rg5 {[%emt 0:00:03] Kd5} 1-0

[Event "XXX Roquetas de Mar Open 2019"]
[Site "Roquetas de Mar"]
[Date "2019.01.04"]
[Round "4"]
[White "Kantor, Gergely"]
[Black "Arjun C Krishnamachari"]
[Result "1-0"]
[ECO "E04"]
[WhiteElo "2514"]
[BlackElo "2009"]
[Annotator "ChessBase"]
[PlyCount "109"]
[EventDate "2019.01.02"]
[EventType "swiss"]
[EventCountry "ESP"]
[SourceTitle "playchess.com"]
[Source "ChessBase"]
[SourceQuality "1"]
[TimeControl "5400+30"]

1. d4 Nf6 2. c4 e6 3. g3 d5 4. Bg2 dxc4 5. Nf3 c5 6. O-O Nc6 7. Qa4 cxd4 8. Nxd4 Qxd4 9. Bxc6+ Bd7 10. Rd1 Bxc6 11. Qxc6+ bxc6 12. Rxd4 Rc8 13. Rxc4 Nd5 14. b3 Nb6 15. Rc2 c5 16. Nd2 Be7 17. Ba3 O-O 18. Rac1 Rfd8 19. Ne4 Rc6 20. Bxc5 Rdc8 21. Rc3 Nd5 22. Rc4 Bxc5 23. Rxc5 Rxc5 24. Nxc5 Nb4 25. Nd3 Rxc1+ 26. Nxc1 Kf8 27. Kf1 Ke7 28. Ke1 Kd6 29. Kd2 Kd5 30. Kc3 a5 31. a3 Nc6 32. Nd3 Nd4 33. Nf4+ Ke5 34. Kc4 Nc2 35. a4 Kd6 36. Nd3 e5 37. e3 e4 38. Nb2 Kc6 39. Kc3 Nb4 40. Kd4 Nc2+ 41. Kc3 Ne1 42. Nc4 Nf3 43. Nxa5+ Kc7 44. h4 Ne5 45. Kd4 Ng4 46. b4 Nxf2 47. b5 Nd3 48. Nc4 f5 49. a5 g6 50. a6 h6 51. b6+ Kb8 52. a7+ Ka8 53. Nd6 Nb4 54. Kc5 Nc2 55. Nb5 1-0

[Event "XXX Roquetas de Mar Open 2019"]
[Site "Roquetas de Mar"]
[Date "2019.01.04"]
[Round "4"]
[White "Sosa, Tomas"]
[Black "Bagi, Mate"]
[Result "1/2-1/2"]
[ECO "C96"]
[WhiteElo "2499"]
[BlackElo "2453"]
[Annotator "ChessBase"]
[PlyCount "83"]
[EventDate "2019.01.02"]
[EventType "swiss"]
[EventCountry "ESP"]
[SourceTitle "playchess.com"]
[Source "ChessBase"]
[SourceQuality "1"]
[TimeControl "5400+30"]

1. e4 e5 2. Nf3 Nc6 3. Bb5 a6 4. Ba4 Nf6 5. O-O Be7 6. Re1 b5 7. Bb3 d6 8. c3 O-O 9. h3 Na5 10. Bc2 c5 11. d4 Nd7 12. d5 Nb6 13. Nbd2 g6 14. Nf1 f5 15. Bh6 Rf7 16. exf5 gxf5 17. Ng3 Nac4 18. Nh2 Bg5 19. Nxf5 Bxf5 20. Bxf5 Bxh6 21. Be6 Raa7 22. b3 Na5 23. Re4 Kh8 24. Bxf7 Rxf7 25. Qh5 Qf8 26. Rh4 Bf4 27. g3 Nxd5 28. gxf4 Nxf4 29. Qh6 Qxh6 30. Rxh6 Ng6 31. Rd1 Rd7 32. Ng4 Nb7 33. Nf6 Re7 34. Ne4 c4 35. bxc4 bxc4 36. Rd2 Kg7 37. Rh5 Nf4 38. Rg5+ Kf7 39. Rf5+ Kg6 40. Rg5+ Kf7 41. Rf5+ Kg6 42. Rg5+ 1/2-1/2

[Event "XXX Roquetas de Mar Open 2019"]
[Site "Roquetas de Mar"]
[Date "2019.01.04"]
[Round "4"]
[White "Carlsson, Pontus"]
[Black "Svetushkin, Dmitry"]
[Result "1/2-1/2"]
[ECO "B12"]
[WhiteElo "2463"]
[BlackElo "2605"]
[Annotator "ChessBase"]
[PlyCount "152"]
[EventDate "2019.01.02"]
[EventType "swiss"]
[EventCountry "ESP"]
[SourceTitle "playchess.com"]
[Source "ChessBase"]
[SourceQuality "1"]
[TimeControl "5400+30"]

1. e4 c6 2. d4 d5 3. e5 Bf5 4. h4 h6 5. g4 Bd7 6. Nc3 Qc8 7. Bh3 h5 8. gxh5 Nh6 9. Nce2 c5 10. c3 Nc6 11. dxc5 Bxh3 12. Nxh3 e6 13. Ng3 Nxe5 14. Qe2 Nd7 15. b4 b6 16. Nf4 Qc6 17. c4 dxc4 18. Bb2 bxc5 19. b5 Qxb5 20. O-O Qc6 21. Qxc4 O-O-O 22. Rad1 Ng4 23. Rfe1 Ngf6 24. Rd3 Bd6 25. Nxe6 Rde8 26. Nf5 Bb8 27. Bxf6 gxf6 28. Nfd4 Rhg8+ 29. Kf1 Qb7 30. Rb3 Qg2+ 31. Ke2 fxe6 32. Qa6+ Kc7 33. Nxe6+ Rxe6+ 34. Qxe6 Qg4+ 35. Qxg4 Rxg4 36. Rh1 Kc6 37. Rf3 c4 38. Rf5 Be5 39. h6 Nf8 40. f4 Bb2 41. Rb1 c3 42. Rxf6+ Kd5 43. Rxf8 c2 44. Rf1 c1=Q 45. Rxc1 Bxc1 46. h7 Bb2 47. h8=Q Bxh8 48. Rxh8 Rxf4 49. h5 Rh4 50. h6 Kc6 51. Kf3 Kb5 52. Kg3 Rh1 53. Kg4 Rh2 54. Kg5 Rg2+ 55. Kf6 Rf2+ 56. Kg6 Rg2+ 57. Kf7 Rf2+ 58. Ke6 Rh2 59. Kf7 a5 60. Rb8+ Kc5 61. Kg7 Rg2+ 62. Kf7 Rf2+ 63. Kg7 Rg2+ 64. Kf7 Rf2+ 65. Kg8 Rg2+ 66. Kh8 Rxa2 67. h7 Rh2 68. Kg7 a4 69. h8=Q Rxh8 70. Kxh8 Kc4 71. Kg7 a3 72. Kf6 a2 73. Ra8 Kb3 74. Ke5 Kb2 75. Rb8+ Kc2 76. Ra8 Kb2 1/2-1/2

[Event "XXX Roquetas de Mar Open 2019"]
[Site "Roquetas de Mar"]
[Date "2019.01.04"]
[Round "4"]
[White "Barski, Radoslaw"]
[Black "Sanchez Jerez, Emilio Miguel"]
[Result "1-0"]
[ECO "C03"]
[WhiteElo "2458"]
[BlackElo "2183"]
[Annotator "ChessBase"]
[PlyCount "97"]
[EventDate "2019.01.02"]
[EventType "swiss"]
[EventCountry "ESP"]
[SourceTitle "playchess.com"]
[Source "ChessBase"]
[SourceQuality "1"]
[TimeControl "5400+30"]

1. e4 e6 2. d4 d5 3. Nd2 Be7 4. Bd3 c5 5. dxc5 Nf6 6. Qe2 O-O 7. Ngf3 a5 8. O-O Na6 9. e5 Nd7 10. c4 Naxc5 11. Bc2 dxc4 12. Nxc4 b5 13. Nd6 Nxe5 14. Nxe5 Bxd6 15. Rd1 Qc7 16. Bf4 Bb7 17. Rxd6 Qxd6 18. Ng6 Qd4 19. Be3 Qxb2 20. Rb1 Qxa2 21. Ne7+ Kh8 22. Bxc5 f5 23. f3 Rac8 24. Nxc8 Rxc8 25. Qd3 Bd5 26. Bb3 Bxb3 27. Rxb3 b4 28. Qd7 Qa1+ 29. Kf2 Qa2+ 30. Kg3 Rg8 31. Qxe6 f4+ 32. Kxf4 Qxg2 33. Re3 Qxh2+ 34. Ke4 Qh5 35. Kd4 Rd8+ 36. Kc4 h6 37. Bd4 Rf8 38. Qd7 Qf7+ 39. Qxf7 Rxf7 40. Kb5 Rf5+ 41. Be5 b3 42. Ka4 Kh7 43. Kxb3 h5 44. Kc4 g5 45. Kd4 g4 46. f4 h4 47. Ke4 h3 48. Kxf5 h2 49. Kxg4 1-0

[Event "XXX Roquetas de Mar Open 2019"]
[Site "Roquetas de Mar"]
[Date "2019.01.04"]
[Round "4"]
[White "Tejedor Fuente, Enrique"]
[Black "Frolyanov, Dmitry"]
[Result "0-1"]
[ECO "B33"]
[WhiteElo "2428"]
[BlackElo "2517"]
[Annotator "ChessBase"]
[PlyCount "72"]
[EventDate "2019.01.02"]
[EventType "swiss"]
[EventCountry "ESP"]
[SourceTitle "playchess.com"]
[Source "ChessBase"]
[SourceQuality "1"]
[TimeControl "5400+30"]

1. e4 c5 2. Nc3 Nc6 3. Nf3 Nf6 4. d4 cxd4 5. Nxd4 e5 6. Ndb5 d6 7. Bg5 a6 8. Na3 b5 9. Nd5 Be7 10. Bxf6 Bxf6 11. c3 Rb8 12. Nc2 Bg5 13. Be2 O-O 14. O-O Be6 15. Ncb4 Nxb4 16. Nxb4 Qb6 17. Bg4 a5 18. Bxe6 fxe6 19. Nd3 Bd8 20. a4 Qc6 21. Re1 Bb6 22. Re2 Rf6 23. Kh1 Rbf8 24. f3 bxa4 25. Qxa4 Qc7 26. Nf2 Qf7 27. Ng4 Rf4 28. Qc6 Bc5 29. h3 Qe7 30. Rxa5 Rxg4 31. fxg4 Rf1+ 32. Kh2 Bg1+ 33. Kg3 h5 34. h4 Bh2+ 35. Kh3 hxg4+ 36. Kxg4 Rf4+ 0-1

[Event "XXX Roquetas de Mar Open 2019"]
[Site "Roquetas de Mar"]
[Date "2019.01.04"]
[Round "4"]
[White "Arjun Kalyan"]
[Black "Del Rio De Angelis, Salvador G."]
[Result "1-0"]
[ECO "C18"]
[WhiteElo "2395"]
[BlackElo "2501"]
[Annotator "ChessBase"]
[PlyCount "69"]
[EventDate "2019.01.02"]
[EventType "swiss"]
[EventCountry "ESP"]
[SourceTitle "playchess.com"]
[Source "ChessBase"]
[SourceQuality "1"]
[TimeControl "5400+30"]

1. e4 e6 2. d4 d5 3. Nc3 Bb4 4. e5 c5 5. a3 Bxc3+ 6. bxc3 Qa5 7. Bd2 Qa4 8. Qg4 g6 9. Nf3 Nc6 10. Ra2 h6 11. Qh4 c4 12. Be2 Rh7 13. O-O Bd7 14. g4 Rg7 15. Rb1 b6 16. Ne1 g5 17. Qh3 O-O-O 18. Ng2 Rf8 19. f4 Qa5 20. Rd1 f6 21. exf6 Rxf6 22. fxg5 hxg5 23. Qh8 Rff7 24. Rf1 Nce7 25. Rxf7 Rxf7 26. Bxg5 Kb7 27. Qh3 Qb5 28. Ra1 Qb2 29. Rf1 Rxf1+ 30. Bxf1 Qxa3 31. Qg3 Nc8 32. h4 Nd6 33. Qe5 Kc6 34. Bf4 Nb5 35. Qb8 1-0

[Event "XXX Roquetas de Mar Open 2019"]
[Site "Roquetas de Mar"]
[Date "2019.01.04"]
[Round "4"]
[White "Dardha, Daniel"]
[Black "Gascon Del Nogal, Jose Rafael"]
[Result "1/2-1/2"]
[ECO "A45"]
[WhiteElo "2337"]
[BlackElo "2486"]
[Annotator "RC"]
[PlyCount "76"]
[EventDate "2019.01.02"]
[EventType "swiss"]
[EventCountry "ESP"]
[SourceTitle "playchess.com"]
[Source "ChessBase"]
[SourceQuality "1"]
[TimeControl "5400+30"]

1. d4 Nf6 2. Bf4 c5 3. e3 Qb6 4. Nc3 e6 5. a3 Nc6 6. Nf3 a6 7. Be2 d5 8. O-O Qd8 9. dxc5 Bxc5 10. Bd3 Bd6 11. Bg5 h6 12. Bh4 g5 13. Bg3 Bxg3 14. fxg3 Ng4 15. Qd2 Qb6 16. Na4 Qc7 17. Qc3 Rg8 18. e4 d4 19. Nxd4 Bd7 20. Nc5 Nxd4 21. Qxd4 Bc6 22. Be2 Qe5 23. Rad1 Qxd4+ 24. Rxd4 Ne5 25. Rfd1 Rc8 26. b4 Ke7 27. Kf2 Rc7 28. Ke3 Ra8 29. Rb1 a5 30. Nd3 Ng6 31. Rc4 axb4 32. axb4 Ra3 33. b5 Ne5 34. Rc5 Nd7 35. Rc4 Nb6 36. Rc5 Nd7 37. Rc4 Ne5 38. Rc5 Nd7 1/2-1/2

[Event "XXX Roquetas de Mar Open 2019"]
[Site "Roquetas de Mar"]
[Date "2019.01.04"]
[Round "4"]
[White "MARTIN CARMONA, Gaston Manuel"]
[Black "Espinosa Aranda, Angel"]
[Result "0-1"]
[ECO "E10"]
[WhiteElo "2329"]
[BlackElo "2478"]
[Annotator "ChessBase"]
[PlyCount "85"]
[EventDate "2019.01.02"]
[EventType "swiss"]
[EventCountry "ESP"]
[SourceTitle "playchess.com"]
[Source "ChessBase"]
[SourceQuality "1"]
[TimeControl "5400+30"]

1. d4 e6 2. Nf3 Nf6 3. c4 a6 4. e3 d5 5. Nc3 dxc4 6. Bxc4 b5 7. Be2 Bb7 8. O-O Nbd7 9. b3 c5 10. Bb2 Be7 11. Rc1 Qb6 12. a4 b4 13. Nb1 O-O 14. Nbd2 Rac8 15. Nc4 Qa7 16. Nfe5 Rfd8 17. Bf3 Nxe5 18. Nxe5 Nd5 19. Be4 g6 20. Qf3 f5 21. dxc5 Bf6 22. Qh3 Nc3 23. Bxb7 Qxb7 24. Nc4 Rxc5 25. Rfe1 Rcd5 26. Qf3 Kg7 27. h3 R8d7 28. a5 Rd3 29. Nb6 Qxf3 30. gxf3 R7d6 31. Nc4 R6d5 32. e4 fxe4 33. fxe4 Rh5 34. e5 Bg5 35. Ne3 Bxe3 36. fxe3 Rxe5 37. Bxc3 bxc3 38. Kf2 Rxa5 39. Re2 Rf5+ 40. Kg3 Rd2 41. Ree1 c2 42. e4 Rc5 43. Re3 0-1

[Event "XXX Roquetas de Mar Open 2019"]
[Site "Roquetas de Mar"]
[Date "2019.01.04"]
[Round "4"]
[White "Sreeshwan Maralakshikari"]
[Black "Marin, Mihail"]
[Result "1/2-1/2"]
[ECO "E00"]
[WhiteElo "2278"]
[BlackElo "2540"]
[Annotator "ChessBase"]
[PlyCount "122"]
[EventDate "2019.01.02"]
[EventType "swiss"]
[EventCountry "ESP"]
[SourceTitle "playchess.com"]
[Source "ChessBase"]
[SourceQuality "1"]
[TimeControl "5400+30"]

1. d4 e6 2. c4 Bb4+ 3. Nc3 b6 4. e3 Bxc3+ 5. bxc3 Bb7 6. Nf3 f5 7. Bd3 Nf6 8. O-O O-O 9. Ne1 c5 10. f3 Nc6 11. Bb2 Qe7 12. Qe2 d6 13. g3 Rae8 14. Ng2 g6 15. Qd2 Na5 16. Rae1 Qc7 17. Qe2 e5 18. e4 exd4 19. cxd4 cxd4 20. Bxd4 Nc6 21. Bxf6 Rxf6 22. Qb2 Ne5 23. exf5 Ref8 24. Be4 Bxe4 25. Rxe4 Rxf5 26. f4 Nxc4 27. Qe2 d5 28. Re7 Qc5+ 29. Kh1 R5f7 30. Rxf7 Rxf7 31. f5 Qe7 32. Qd1 Qe4 33. Re1 Qxf5 34. Nf4 g5 35. Nxd5 Qf3+ 36. Qxf3 Rxf3 37. Re7 Rf7 38. Re4 Nd2 39. Re2 Nf3 40. Kg2 Kg7 41. a4 h6 42. a5 bxa5 43. Ra2 Ne1+ 44. Kg1 Nf3+ 45. Kg2 Ne5 46. Rxa5 Rd7 47. Nc3 Nc4 48. Ra4 Nb6 49. Ra6 Nc8 50. h4 Rd2+ 51. Kh3 gxh4 52. Kxh4 Rd6 53. Ra5 a6 54. g4 Ne7 55. g5 hxg5+ 56. Kxg5 Kf7 57. Kf4 Rf6+ 58. Ke3 Re6+ 59. Ne4 Ke8 60. Kd3 Nc6 61. Rh5 Nb4+ 1/2-1/2

[Event "XXX Roquetas de Mar Open 2019"]
[Site "Roquetas de Mar"]
[Date "2019.01.04"]
[Round "4"]
[White "Manu David Suthandram R"]
[Black "Sadzikowski, Daniel"]
[Result "1/2-1/2"]
[ECO "C11"]
[WhiteElo "2252"]
[BlackElo "2534"]
[Annotator "ChessBase"]
[PlyCount "87"]
[EventDate "2019.01.02"]
[EventType "swiss"]
[EventCountry "ESP"]
[SourceTitle "playchess.com"]
[Source "ChessBase"]
[SourceQuality "1"]
[TimeControl "5400+30"]

1. e4 e6 2. Nf3 d5 3. Nc3 d4 4. Ne2 c5 5. c3 Nf6 6. cxd4 cxd4 7. Nexd4 Nxe4 8. Nxe6 Bxe6 9. Qa4+ Nc6 10. Qxe4 Qd5 11. Qxd5 Bxd5 12. b3 Bc5 13. Bc4 O-O-O 14. O-O Bxf3 15. gxf3 Ne5 16. d3 Rhe8 17. Be3 Bd4 18. Rac1 Kb8 19. Bf4 f6 20. Kg2 g5 21. Bg3 f5 22. f4 Nxc4 23. dxc4 g4 24. Bh4 Rd6 25. Rfd1 Re2 26. a3 a5 27. b4 Bb2 28. Rxd6 Bxc1 29. Rd8+ Ka7 30. Rd5 axb4 31. axb4 Re4 32. Ra5+ Kb6 33. Bd8+ Kc6 34. Rxf5 Bxf4 35. b5+ Kd7 36. Bh4 Rxc4 37. Rf7+ Kc8 38. Rxh7 Rb4 39. Rg7 Rxb5 40. Rxg4 Bd6 41. Rg7 Rd5 42. Bg3 b5 43. Rg4 Be7 44. Rg8+ 1/2-1/2